 Dungeon Crawl Stone Soup version 0.15-a0-1632-gd490d05 (webtiles) character file.

1051 Kenran the Basher (level 8, 0/46 HPs)
             Began as a Gargoyle Fighter on June 21, 2014.
             Was a Believer of Okawaru.
             Slain by an orc warrior
             ... wielding a +1 flail of distortion
              (14 damage)
             ... on Level 6 of the Dungeon.
             The game lasted 00:22:32 (5523 turns).

Kenran the Basher (Gargoyle Fighter)                Turns: 5523, Time: 00:22:32

HP   0/46        AC 19     Str 20      XL: 8   Next: 26%
MP   8/8         EV  5     Int  9      God: Okawaru [**....]
Gold 323         SH  0     Dex 11      Spells:  0 memorised,  7 levels left

rFire  + . .     SeeInvis .     B - +1 great mace
rCold  . . .     Clarity  .     t - +3 plate armour
rNeg   + . .     rCorr    .     (no shield)
rPois  +         rRot     +     (no helmet)
rElec  +         Spirit   .     (no cloak)
SustAb +         Warding  .     (no gloves)
rMut   +         Stasis   .     (no boots)
Gourm  .                        k - amulet of resist mutation
MR     .....                    g - ring of sustain abilities
                                p - ring of protection from fire

@: not resistant to hostile enchantments, extremely unstealthy
A: life protection 1, electricity resistance, unbreathing, petrification
resistance, rot immunity, AC +5
a: Heroism, Renounce Religion


You were on level 6 of the Dungeon.
You worshipped Okawaru.
Okawaru was pleased with you.
You were not hungry.

You visited 1 branch of the dungeon, and saw 7 of its levels.

You collected 323 gold pieces.

Inventory:

Hand weapons
 a - a +1 flail
 B - a +1 great mace (weapon)
Armour
 c - a +0 shield
 t - a +3 plate armour (worn)
Magical devices
 b - a wand of fire (11) {unknown}
 C - a wand of polymorph (13) {unknown}
Comestibles
 d - 4 bread rations
 n - 2 meat rations
Scrolls
 i - 3 scrolls of identify
 j - 4 scrolls of remove curse
 m - 3 scrolls of recharging
 u - a scroll of teleportation
 y - a scroll of amnesia
Jewellery
 f - a cursed ring of teleportation {unknown}
 g - a ring of sustain abilities (right hand)
 k - an amulet of resist mutation (around neck)
 p - a ring of protection from fire (left hand)
Potions
 e - a potion of might
 h - 3 potions of paralysis {unknown}
 l - 2 potions of haste {unknown}
 o - a potion of heal wounds {unknown}
 q - a potion of invisibility {unknown}
 r - 3 potions of mutation
 s - a potion of magic
 v - a potion of resistance {unknown}
 w - a potion of degeneration {unknown}
 z - 2 potions of cure mutation {unknown}
Books
 x - a book of Necromancy

   Spells                             Type                      Level
   Pain                               Necromancy                   1
   Animate Skeleton                   Necromancy                   1
   Vampiric Draining                  Necromancy                   3
   Regeneration                       Charms/Necromancy            3
   Animate Dead                       Necromancy                   4
   Control Undead                     Necromancy                   4
 F - a book of Hinderance

   Spells                             Type                      Level
   Confusing Touch                    Hexes                        2
   Confuse                            Hexes                        3
   Petrify                            Transmutation/Earth          4
   Leda's Liquefaction                Hexes/Earth                  4
   Metabolic Englaciation             Hexes/Ice                    5
   Summon Mana Viper                  Hexes/Summoning              5


   Skills:
 - Level 3.2 Fighting
 + Level 9.6 Maces & Flails
 - Level 3.2 Armour
 - Level 3.2 Shields


You had 7 spell levels left.
You didn't know any spells.

Dungeon Overview and Level Annotations

Branches:
Dungeon (7/15)             Temple (0/1) D:5

Altars:
Kikubaaqudgha
Okawaru
Trog
Vehumet
Yredelemnul
Zin

Annotations:
D:5 Grinder


Innate Abilities, Weirdness & Mutations

You are resistant to torment.
You are immune to poison.
Your stone body is very resilient (AC +5).
You resist negative energy.
You are resistant to electric shocks.
You can survive without breathing.
You are immune to petrification.
You are immune to rotting.


Message History

You climb downwards.
The orc hits you but does no damage.
There is a stone staircase leading up here.
You bludgeon the orc!!
You kill the orc!
Okawaru accepts your kill.
You hit the orc warrior but do no damage.
You barely miss the orc warrior. The orc warrior barely misses you.
The orc warrior hits you but does no damage.
Space warps horribly around you!
You climb upwards.
There is a stone staircase leading down here.
You hit the orc warrior.
The orc warrior is lightly wounded.
The orc warrior hits you but does no damage.
Space warps horribly around you!
You barely miss the orc warrior.
The orc warrior is lightly wounded.
The orc warrior hits you with a flail of distortion.
Space warps horribly around you!
You die...

.# ##...## #...##.# #..#
#######..#####..###.# #..# ...#
##..##....# #.# #.## ...#
##....##.###.# #.# ...#
#........#### ##.#
...######.#......# ### ##..#
...##............# ###.###...#
...#..#####....o.####>......#.#
...#.## ####..@)........###.#
...#.# ###..#####..#..## #.#
...#.######...#####..##..####.###
..))............................#
#.##.####.#########.##.######.###
#.....##..# #####..##.# #.#
###...#..#####.....#...# #.#
#..................### #.#
#...#.##.########### #.#


You could see an orc warrior.

Vanquished Creatures
  An orc warrior (D:6)
  A sky beast (D:6)
  A phantom (D:4)
  2 giant frogs
  2 scorpions (D:6)
  A jelly (D:7)
  A goliath beetle (D:6)
  Crazy Yiuf (D:4)
  3 hounds
  3 orc wizards
  3 worker ants
  A big kobold zombie (D:6)
  Ijyb (D:6)
  A scorpion zombie (D:5)
  A shadow imp (D:6)
  2 adders
  3 worms
  A gnoll skeleton (D:6)
  2 giant geckos
  11 orcs
  A ball python (D:2)
  8 bats
  A bat zombie (D:5)
  5 giant cockroaches
  8 hobgoblins
  A giant gecko skeleton (D:7)
  7 giant newts
  16 goblins
  2 jackal skeletons
  9 kobolds
  2 quokkas
  12 rats
  2 rat skeletons (D:4)
  A spectral orc (D:3)
  A ballistomycete (D:6)
118 creatures vanquished.

Vanquished Creatures (others)
  A giant spore (D:6)
1 creature vanquished.

Grand Total: 119 creatures vanquished

Notes
Turn   | Place    | Note
--------------------------------------------------------------
     0 | D:1      | Kenran, the Gargoyle Fighter, began the quest for the Orb.
     0 | D:1      | Reached XP level 1. HP: 14/14 MP: 1/1
   136 | D:1      | Reached XP level 2. HP: 19/19 MP: 2/2
   416 | D:1      | Reached XP level 3. HP: 23/23 MP: 3/3
  1179 | D:2      | Reached skill level 4 in Maces & Flails
  1302 | D:2      | Found an iron altar of Okawaru.
  1302 | D:2      | Found a bloodstained altar of Trog.
  1306 | D:2      | Became a worshipper of Warmaster Okawaru
  1742 | D:3      | Noticed a giant frog
  1751 | D:3      | Reached XP level 4. HP: 28/28 MP: 4/4
  1763 | D:3      | Killed a giant frog
  1763 | D:3      | Reached skill level 5 in Maces & Flails
  1763 | D:3      | Reached XP level 5. HP: 10/32 MP: 5/5
  2597 | D:3      | Found a basalt altar of Yredelemnul.
  2867 | D:4      | Found an ancient bone altar of Kikubaaqudgha.
  2893 | D:4      | Found a glowing silver altar of Zin.
  2920 | D:4      | Noticed Crazy Yiuf
  2933 | D:4      | Killed Crazy Yiuf
  3003 | D:4      | Reached skill level 6 in Maces & Flails
  3003 | D:4      | Reached XP level 6. HP: 37/37 MP: 6/6
  3080 | D:4      | Noticed a phantom
  3130 | D:4      | Killed a phantom
  3130 | D:4      | Acquired Okawaru's first power
  3265 | D:4      | Found a radiant altar of Vehumet.
  3583 | D:5      | Entered Level 5 of the Dungeon
  3601 | D:5      | Found a staircase to the Ecumenical Temple.
  3653 | D:5      | Reached skill level 7 in Maces & Flails
  3775 | D:5      | Noticed Grinder
  3775 | D:5      | Paralysed by Grinder for 2 turns
  3795 | D:5      | Paralysed by Grinder for 2 turns
  3801 | D:5      | Paralysed by Grinder for 7 turns
  3812 | D:5      | Paralysed by Grinder for 7 turns
  4125 | D:6      | Reached XP level 7. HP: 22/41 MP: 7/7
  4353 | D:6      | Noticed Ijyb
  4610 | D:7      | Reached skill level 8 in Maces & Flails
  4668 | D:6      | Killed Ijyb
  5017 | D:6      | Reached skill level 9 in Maces & Flails
  5017 | D:6      | Reached XP level 8. HP: 42/46 MP: 8/8
  5523 | D:6      | Slain by an orc warrior

Action                   |  1- 3 |  4- 6 |  7- 9 || total
-------------------------+-------+-------+-------++-------
Melee: Flail             |   139 |   206 |    16 ||   361
       Great mace        |       |       |   142 ||   142
Invok: Heroism           |       |       |     2 ||     2
  Use: Scroll            |     7 |     7 |     3 ||    17
       Potion            |       |     2 |     3 ||     5
